| TOP OF THE 1ST |
|
Charlotte Knights batting - Pitching for Round Rock Express : RHP Prince Gibson
|
|
Pitching: RHP Prince Gibson
|
|
|
Batting: RHB Jeremy Hoffert
|
0-0: Called Strike 0-1: Ground out 5-3 (Groundball, 56, EV 98.8 MPH)
|
|
Batting: LHB Carlos Ramirez
|
0-0: Called Strike 0-1: Ball 1-1: Ball 2-1: Foul Ball, location: 2F 2-2: Ground out 4-3 (Groundball, 4, EV 82.5 MPH)
|
|
Batting: RHB Fletcher Easter
|
0-0: Called Strike 0-1: Foul Ball, location: 2F 0-2: Ball 1-2: Strikes out swinging
|
| Top of the 1st over - 0 runs, 0 hits, 0 errors, 0 left on base; Charlotte 0 - Round Rock 0 |
| BOTTOM OF THE 1ST |
|
Round Rock Express batting - Pitching for Charlotte Knights : LHP Carlos Toledo
|
|
Pitching: LHP Carlos Toledo
|
|
|
Batting: LHB Jody Hudson
|
0-0: Ball 1-0: Ground out 5-3 (Groundball, 5L, EV 90.6 MPH)
|
|
Batting: RHB Danny Heyer
|
0-0: Ball 1-0: Foul Ball, location: 2F 1-1: Reached on error, E4 (Groundball, 4, EV 98.1 MPH)
|
|
Batting: RHB Bill Turnbull
|
0-0: Ball 1-0: Called Strike 1-1: Ball 2-1: Ball 3-1: Swinging Strike 3-2: Base on Balls Danny Heyer to second
|
|
Batting: RHB Martin Guerrero
|
0-0: Ball 1-0: Called Strike 1-1: Foul Ball, location: 2F 1-2: Ball 2-2: Foul Ball, location: 2F 2-2: Ball 3-2: Grounds into double play, 3-6-3 (Groundball, 34, EV 98.8 MPH)
|
| Bottom of the 1st over - 0 runs, 0 hits, 1 error, 1 left on base; Charlotte 0 - Round Rock 0 |
| TOP OF THE 2ND |
|
Charlotte Knights batting - Pitching for Round Rock Express : RHP Prince Gibson
|
|
Batting: LHB Ricardo Pagan
|
0-0: Foul Ball, location: 2F 0-1: Foul Ball, location: 2F 0-2: Ball 1-2: Foul Ball, location: 2F 1-2: Ball 2-2: Strikes out looking
|
|
Batting: SHB Matt Childers
|
0-0: Called Strike 0-1: Fly out, F8 (Flyball, 8LM, EV 93.1 MPH)
|
|
Batting: RHB Vic Lucatero
|
0-0: Ground out 4-3 (Groundball, 4, EV 101.2 MPH)
|
| Top of the 2nd over - 0 runs, 0 hits, 0 errors, 0 left on base; Charlotte 0 - Round Rock 0 |
| BOTTOM OF THE 2ND |
|
Round Rock Express batting - Pitching for Charlotte Knights : LHP Carlos Toledo
|
|
Batting: RHB Ivan Colon
|
0-0: Swinging Strike 0-1: Ball 1-1: Ball 2-1: Ball 3-1: Swinging Strike 3-2: Strikes out swinging
|
|
Batting: RHB Trevor Mock
|
0-0: Called Strike 0-1: Ball 1-1: Ground out 1-3 (Groundball, 13S, EV 71.9 MPH)
|
|
Batting: RHB Carlos Lopez
|
0-0: Called Strike 0-1: Ball 1-1: Foul Ball, location: 2F 1-2: Ball 2-2: Ball 3-2: Strikes out swinging
|
| Bottom of the 2nd over - 0 runs, 0 hits, 0 errors, 0 left on base; Charlotte 0 - Round Rock 0 |
| TOP OF THE 3RD |
|
Charlotte Knights batting - Pitching for Round Rock Express : RHP Prince Gibson
|
|
Batting: LHB Adam Tarbutton
|
0-0: Ball 1-0: Called Strike 1-1: Swinging Strike 1-2: Foul Ball, location: 2F 1-2: Fly out, F8 (Flyball, 8LS, EV 94.4 MPH)
|
|
Batting: LHB Edgar Castillo
|
0-0: Called Strike 0-1: Swinging Strike 0-2: Ball 1-2: Ball 2-2: Ground out 6-3 (Groundball, 4MS, EV 84.4 MPH)
|
|
Batting: RHB Steve Waltenbery
|
0-0: Ground out U3 (Groundball, 3, EV 80.6 MPH)
|
| Top of the 3rd over - 0 runs, 0 hits, 0 errors, 0 left on base; Charlotte 0 - Round Rock 0 |
| BOTTOM OF THE 3RD |
|
Round Rock Express batting - Pitching for Charlotte Knights : LHP Carlos Toledo
|
|
Batting: RHB Jeremy Boerman
|
0-0: Ball 1-0: Ball 2-0: Ball 3-0: Base on Balls
|
|
Batting: RHB Adryão Anto
|
0-0: Ball 1-0: SINGLE (Groundball, 4S, EV 97.5 MPH) Jeremy Boerman to second Runner from 2nd tries for 3rd, SAFE, throw by CF made to third Adryão Anto to second
|
|
Batting: LHB Jody Hudson
|
0-0: Foul Ball, location: 2F 0-1: Foul Ball, location: 2F 0-2: Ground out 4-3 (Groundball, 4, EV 91.2 MPH) Jeremy Boerman scores Adryão Anto to third
|
|
Batting: RHB Danny Heyer
|
0-0: Ball 1-0: Called Strike 1-1: Ground out 5-3 (Groundball, 56S, EV 90.6 MPH) Adryão Anto scores
|
|
Batting: RHB Bill Turnbull
|
0-0: Fly out, F8 (Line Drive, 8LM, EV 96.2 MPH)
|
| Bottom of the 3rd over - 2 runs, 1 hit, 0 errors, 0 left on base; Charlotte 0 - Round Rock 2 |
| TOP OF THE 4TH |
|
Charlotte Knights batting - Pitching for Round Rock Express : RHP Prince Gibson
|
|
Batting: RHB Jeremy Hoffert
|
0-0: Ball 1-0: Swinging Strike 1-1: Foul Ball, location: 2F 1-2: Ball 2-2: Ball 3-2: Ground out 5-3 (Groundball, 56S, EV 86.9 MPH)
|
|
Batting: LHB Carlos Ramirez
|
0-0: Ball 1-0: Ball 2-0: Called Strike 2-1: Ground out 4-3 (Groundball, 4, EV 87.5 MPH)
|
|
Batting: RHB Fletcher Easter
|
0-0: Swinging Strike 0-1: Swinging Strike 0-2: Foul Ball, location: 2F 0-2: Foul Ball, location: 2F 0-2: Ball 1-2: Ball 2-2: Strikes out looking
|
| Top of the 4th over - 0 runs, 0 hits, 0 errors, 0 left on base; Charlotte 0 - Round Rock 2 |
| BOTTOM OF THE 4TH |
|
Round Rock Express batting - Pitching for Charlotte Knights : LHP Carlos Toledo
|
|
Batting: RHB Martin Guerrero
|
0-0: Ball 1-0: Called Strike 1-1: Hit by Pitch
|
|
Batting: RHB Ivan Colon
|
0-0: SINGLE (Flyball, 6MD, EV 90.0 MPH) Martin Guerrero to second
|
|
Batting: RHB Trevor Mock
|
0-0: Called Strike 0-1: SINGLE (Groundball, 4MD, EV 94.4 MPH) Martin Guerrero to third Ivan Colon to second
|
|
Batting: RHB Carlos Lopez
|
0-0: Ball 1-0: Foul Ball, location: 2F 1-1: Ball 2-1: Ball 3-1: Grounds into fielders choice 4-2 (Groundball, 4M, EV 82.5 MPH) Ivan Colon to third Trevor Mock to second
|
|
Batting: RHB Jeremy Boerman
|
0-0: Hit by Pitch Ivan Colon scores Trevor Mock to third Carlos Lopez to second
|
|
Batting: RHB Adryão Anto
|
0-0: Foul Ball, location: 2F 0-1: Ball 1-1: Foul Ball, location: 2F 1-2: Fly out, F8 (Flyball, 8LD, EV 98.1 MPH) Runner from 3rd tags up, SCORES, throw by CF
|
|
Batting: LHB Jody Hudson
|
0-0: Ball 1-0: Ball 2-0: Called Strike 2-1: Foul Ball, location: 2F 2-2: Ground out 4-3 (Groundball, 4, EV 81.2 MPH)
|
| Bottom of the 4th over - 2 runs, 2 hits, 0 errors, 2 left on base; Charlotte 0 - Round Rock 4 |
| TOP OF THE 5TH |
|
Charlotte Knights batting - Pitching for Round Rock Express : RHP Prince Gibson
|
|
Batting: LHB Ricardo Pagan
|
0-0: Ball 1-0: Foul Ball, location: 2F 1-1: Foul Ball, location: 2F 1-2: Ball 2-2: Strikes out looking
|
|
Batting: SHB Matt Childers
|
0-0: Called Strike 0-1: Ball 1-1: Called Strike 1-2: Ball 2-2: Strikes out swinging
|
|
Batting: RHB Vic Lucatero
|
0-0: Ball 1-0: Ground out 5-3 (Groundball, 5L, EV 78.8 MPH)
|
| Top of the 5th over - 0 runs, 0 hits, 0 errors, 0 left on base; Charlotte 0 - Round Rock 4 |
| BOTTOM OF THE 5TH |
|
Round Rock Express batting - Pitching for Charlotte Knights : LHP Carlos Toledo
|
|
Batting: RHB Danny Heyer
|
0-0: Ball 1-0: Ball 2-0: DOUBLE (Flyball, 89XD, EV 111.2 MPH)
|
|
Batting: RHB Bill Turnbull
|
0-0: Intentional Walk
|
|
Batting: RHB Martin Guerrero
|
0-0: Ball 1-0: Called Strike 1-1: Called Strike 1-2: Ball 2-2: SINGLE (Line Drive, 9S, EV 106.2 MPH) Danny Heyer to third Bill Turnbull to second Runner from 3rd tries for Home, SAFE, throw by RF to trailing runner, SAFE at third!
|
|
Pitching: RHP Freddy Barahona
|
|
|
Batting: RHB Ivan Colon
|
0-0: Ball 1-0: Ball 2-0: 3-RUN HOME RUN (Flyball, 78XD, EV 104.4 MPH), Distance : 417 ft
|
|
Batting: RHB Trevor Mock
|
0-0: Called Strike 0-1: Swinging Strike 0-2: Foul Ball, location: 2F 0-2: Ball 1-2: Strikes out swinging
|
|
Batting: RHB Carlos Lopez
|
0-0: Foul Ball, location: 2F 0-1: Ball 1-1: Ball 2-1: Ball 3-1: Base on Balls
|
|
Batting: RHB Jeremy Boerman
|
0-0: Ball 1-0: Foul Ball, location: 2F 1-1: Foul Ball, location: 2F 1-2: Fielders Choice at 2nd, 2-4 (Groundball, 2L, EV 69.4 MPH)
|
|
Now at 2B: Ron Johansen
|
|
|
Batting: RHB Adryão Anto
|
0-0: Called Strike Jeremy Boerman is caught stealing 2nd base 2-4
|
| Bottom of the 5th over - 4 runs, 3 hits, 0 errors, 0 left on base; Charlotte 0 - Round Rock 8 |
| TOP OF THE 6TH |
|
Charlotte Knights batting - Pitching for Round Rock Express : RHP Prince Gibson
|
|
Batting: LHB Adam Tarbutton
|
0-0: Ball 1-0: Fly out, F9 (Flyball, 9D, EV 86.9 MPH)
|
|
Batting: LHB Edgar Castillo
|
0-0: Ball 1-0: Ball 2-0: Called Strike 2-1: Ball 3-1: Foul Ball, location: 2F 3-2: Foul Ball, location: 2F 3-2: Base on Balls
|
|
Batting: RHB Steve Waltenbery
|
0-0: Grounds into double play, 6-4-3 (Groundball, 6, EV 108.8 MPH)
|
| Top of the 6th over - 0 runs, 0 hits, 0 errors, 0 left on base; Charlotte 0 - Round Rock 8 |
| BOTTOM OF THE 6TH |
|
Round Rock Express batting - Pitching for Charlotte Knights : RHP Freddy Barahona
|
|
Batting: RHB Adryão Anto
|
0-0: Called Strike 0-1: Ball 1-1: Foul Ball, location: 2F 1-2: Ball 2-2: Strikes out swinging
|
|
Batting: LHB Jody Hudson
|
0-0: Ground out 5-3 (Groundball, 56S, EV 85.6 MPH)
|
|
Batting: RHB Danny Heyer
|
0-0: Called Strike 0-1: Ball 1-1: Ground out 5-3 (Groundball, 5L, EV 104.4 MPH)
|
| Bottom of the 6th over - 0 runs, 0 hits, 0 errors, 0 left on base; Charlotte 0 - Round Rock 8 |
| TOP OF THE 7TH |
|
Charlotte Knights batting - Pitching for Round Rock Express : RHP Prince Gibson
|
|
Pinch Hitting: RHB Matt McDevitt
|
0-0: Called Strike 0-1: Fly out, F9 (Line Drive, 89M, EV 85.6 MPH)
|
|
Pinch Hitting: RHB Jose Medina
|
0-0: Ball 1-0: Foul Ball, location: 2F 1-1: Ball 2-1: Ball 3-1: Base on Balls
|
|
Batting: RHB Ron Johansen
|
0-0: Called Strike 0-1: Called Strike Jose Medina steals 2nd base (no throw) 0-2: 2-RUN HOME RUN (Flyball, 8LXD, EV 101.9 MPH), Distance : 430 ft
|
|
Batting: LHB Ricardo Pagan
|
0-0: Ball 1-0: Foul Ball, location: 2F 1-1: Foul Ball, location: 2F 1-2: Ball 2-2: SINGLE (Groundball, 56D, EV 106.9 MPH)
|
|
Batting: SHB Matt Childers
|
0-0: Called Strike 0-1: Foul Ball, location: 2F 0-2: Fielders Choice at 2nd, 4-6 (Groundball, 34, EV 77.5 MPH)
|
|
Batting: RHB Vic Lucatero
|
0-0: Called Strike 0-1: Fly out, F9 (Line Drive, 9LM, EV 83.8 MPH)
|
| Top of the 7th over - 2 runs, 2 hits, 0 errors, 1 left on base; Charlotte 2 - Round Rock 8 |
| BOTTOM OF THE 7TH |
|
Round Rock Express batting - Pitching for Charlotte Knights : RHP Freddy Barahona
|
|
Now at 1B: Matt McDevitt
|
|
|
Now in CF: John Thurman
|
|
|
Batting: RHB Bill Turnbull
|
0-0: Ground out 6-3 (Groundball, 6, EV 89.4 MPH)
|
|
Batting: RHB Martin Guerrero
|
0-0: Ball 1-0: Foul Ball, location: 2F 1-1: Ball 2-1: Ground out U3 (Groundball, 3S, EV 80.6 MPH)
|
|
Batting: RHB Ivan Colon
|
0-0: Ball 1-0: Foul Ball, location: 2F 1-1: Foul Ball, location: 2F 1-2: Ball 2-2: Ball 3-2: Fly out, F9 (Flyball, 9S, EV 85.6 MPH)
|
| Bottom of the 7th over - 0 runs, 0 hits, 0 errors, 0 left on base; Charlotte 2 - Round Rock 8 |
| TOP OF THE 8TH |
|
Charlotte Knights batting - Pitching for Round Rock Express : RHP Prince Gibson
|
|
Batting: LHB Adam Tarbutton
|
0-0: Swinging Strike 0-1: Foul Ball, location: 2F 0-2: DOUBLE (Line Drive, 9LM, EV 104.4 MPH)
|
|
Batting: LHB Edgar Castillo
|
0-0: Ball 1-0: Called Strike 1-1: Fly out, F9 (Flyball, 89S, EV 79.4 MPH)
|
|
Pitching: RHP Kurt Vitta
|
|
|
Batting: RHB Steve Waltenbery
|
0-0: Swinging Strike 0-1: Ball 1-1: Ball 2-1: Ball 3-1: Foul Ball, location: 2F 3-2: Foul Ball, location: 2F 3-2: Ground out 6-3 (Groundball, 56, EV 103.1 MPH)
|
|
Batting: RHB Matt McDevitt
|
0-0: Foul Ball, location: 2F 0-1: Ball 1-1: Ball 2-1: Ball 3-1: Called Strike 3-2: Ground out 5-3 (Groundball, 56, EV 110.6 MPH)
|
| Top of the 8th over - 0 runs, 1 hit, 0 errors, 1 left on base; Charlotte 2 - Round Rock 8 |
| BOTTOM OF THE 8TH |
|
Round Rock Express batting - Pitching for Charlotte Knights : RHP Freddy Barahona
|
|
Batting: RHB Trevor Mock
|
0-0: Foul Ball, location: 2F 0-1: Swinging Strike 0-2: Ball 1-2: Strikes out swinging
|
|
Batting: RHB Carlos Lopez
|
0-0: Swinging Strike 0-1: Ball 1-1: Fly out, F8 (Line Drive, 8RM, EV 91.9 MPH)
|
|
Batting: RHB Jeremy Boerman
|
0-0: Ball 1-0: Ball 2-0: SINGLE (Line Drive, 89M, EV 96.2 MPH)
|
|
Batting: RHB Adryão Anto
|
0-0: Ball 1-0: SINGLE (Line Drive, 56, EV 98.8 MPH) Jeremy Boerman to second
|
|
Pitching: LHP Bobby Martin
|
|
|
Batting: LHB Jody Hudson
|
0-0: Ball 1-0: Foul Ball, location: 2F 1-1: Fly out, F8 (Flyball, 78D, EV 97.5 MPH)
|
| Bottom of the 8th over - 0 runs, 2 hits, 0 errors, 2 left on base; Charlotte 2 - Round Rock 8 |
| TOP OF THE 9TH |
|
Charlotte Knights batting - Pitching for Round Rock Express : RHP Kurt Vitta
|
|
Batting: LHB John Thurman
|
0-0: Ball 1-0: Ground out 4-3 (Groundball, 4S, EV 63.8 MPH)
|
|
Batting: RHB Ron Johansen
|
0-0: Foul Ball, location: 2F 0-1: Foul Ball, location: 2F 0-2: Strikes out swinging
|
|
Batting: LHB Ricardo Pagan
|
0-0: Foul Ball, location: 2F 0-1: Ball 1-1: Ball 2-1: Foul Ball, location: 2F 2-2: Ball 3-2: Strikes out swinging
|
| Top of the 9th over - 0 runs, 0 hits, 0 errors, 0 left on base; Charlotte 2 - Round Rock 8 |
|